 Dungeon Crawl Stone Soup version 0.27-a0-1322-gfdffb62a71 (webtiles) character file.

Game seed: 7391184901399361957

216 Brandom the Skirmisher (level 5, -4/43 HPs)
             Began as a Demonspawn Delver on June 22, 2021.
             Slain by a wyvern skeleton (6 damage)
             ... on level 4 of the Dungeon.
             The game lasted 00:08:26 (4618 turns).

Brandom the Skirmisher (Demonspawn Delver)          Turns: 4618, Time: 00:08:26

Health: -4/43      AC: 15    Str: 12 (13) XL:     5   Next: 61%
Magic:  5/5        EV:  6    Int: 11      God:
Gold:   94         SH:  0    Dex: 12 (15) Spells: 4/4 levels left

rFire    . . .     SeeInvis .     - Unarmed
rCold    . . .     Faith    .   (no shield)
rNeg     . . .     Spirit   .   g - +0 chain mail
rPois    .         Reflect  .   (no helmet)
rElec    .         Harm     .   i - scarf {shadows}
rCorr    .         Rampage  .   (no gloves)
Will     .....                  l - +0 pair of boots
Stlth    ..........             (no amulet)
HPRegen  0.14/turn              (no ring)
MPRegen  0.09/turn              (no ring)

@: sanguine armoured
A: claws 1, foul stench 1, sanguine armour 1
a: no special abilities


You were on level 4 of the Dungeon.
You visited 1 branch of the dungeon, and saw 5 of its levels.

You collected 94 gold pieces.

Inventory:

Armour
 g - a +0 chain mail (worn)
   (You found it on level 2 of the Dungeon)
 i - a scarf of shadows (worn)
   (You found it on level 2 of the Dungeon)
 l - a +0 pair of boots (worn)
   (You found it on level 2 of the Dungeon)
Wands
 u - a wand of paralysis (8)
   (You found it on level 3 of the Dungeon)
 v - a wand of digging (3)
Scrolls
 a - a scroll of torment {unknown}
 c - a scroll of fog
 d - a scroll of magic mapping
 e - 2 scrolls of fear
 h - 2 scrolls of identify {unknown}
 j - a scroll of vulnerability {unknown}
 k - 3 scrolls of immolation {unknown}
 m - a scroll of teleportation {unknown}
 n - a scroll of amnesia {unknown}
Potions
 b - a potion of might {unknown}
 f - a potion of haste {@q3}
 o - a potion of flight {unknown}


   Skills:
 * Level 4.7 Fighting
 - Level 2.1 Long Blades
 + Level 2.0 Armour
 + Level 2.9 Dodging
 - Level 4.5 Stealth
 * Level 1.1 Unarmed Combat


You had 4 spell levels left.
You didn't know any spells.
Your spell library contained the following spells:

 Spells                   Type           Power      Damage    Failure   Level
 Summon Small Mammal      Summ           0%         N/A       100%        1
 Call Imp                 Summ           0%         N/A       100%        2
 Call Canine Familiar     Summ           0%         N/A       100%        3
 Summon Guardian Golem    Hex/Summ       0%         N/A       100%        3
 Summon Ice Beast         Ice/Summ       0%         N/A       100%        4
 Summon Lightning Spire   Summ/Air       0%         N/A       100%        4


Dungeon Overview and Level Annotations

Branches:
Dungeon (5/15)
 Temple: D:4-7

Altars:
Cheibriados
Sif Muna


Innate Abilities, Weirdness & Mutations

You have sharp fingernails.
You may rarely emit foul miasma when damaged in melee.
When seriously injured, your bleeding wounds create armour. (AC +6)


Message History

The bullfrog skeleton hits you but does no damage. x2
You scratch the bullfrog skeleton.
The bullfrog skeleton hits you but does no damage.
You scratch the bullfrog skeleton.
The bullfrog skeleton hits you but does no damage.
You scratch the bullfrog skeleton. The bullfrog skeleton hits you.
* * * LOW HITPOINT WARNING * * *
You barely miss the bullfrog skeleton.
The bullfrog skeleton hits you but does no damage.
The bullfrog skeleton barely misses you.
You scratch the bullfrog skeleton.
The bullfrog skeleton hits you but does no damage.
You scratch the bullfrog skeleton but do no damage.
The bullfrog skeleton hits you but does no damage.
You barely miss the bullfrog skeleton.
The bullfrog skeleton hits you but does no damage. x2
You scratch the bullfrog skeleton but do no damage.
The bullfrog skeleton hits you but does no damage.
You scratch the bullfrog skeleton.
The bullfrog skeleton hits you but does no damage.
You scratch the bullfrog skeleton. The bullfrog skeleton hits you.
* * * LOW HITPOINT WARNING * * *
You scratch the bullfrog skeleton.
You destroy the bullfrog skeleton!
Your Unarmed Combat skill increases to level 1!
There is an open door here.
Things that are here:
a +0 club; a goblin corpse You start resting.
Your blood armour dries and flakes away.
You open the door.
A wyvern skeleton comes into view.
The wyvern skeleton moves out of view.
A wyvern skeleton is nearby!
The wyvern skeleton bites you!
There is an open door here.
You scratch the wyvern skeleton. The wyvern skeleton bites you.
You scratch the wyvern skeleton. The wyvern skeleton bites you.
You scratch the wyvern skeleton. The wyvern skeleton bites you!
Your blood congeals into armour.
The wyvern skeleton bites you but does no damage.
You barely miss the wyvern skeleton. The wyvern skeleton bites you.
* * * LOW HITPOINT WARNING * * *
You emit a cloud of foul miasma!
You scratch the wyvern skeleton. The wyvern skeleton bites you!
* * * LOW HITPOINT WARNING * * *
You scratch the wyvern skeleton. The wyvern skeleton bites you!
* * * LOW HITPOINT WARNING * * *
The wyvern skeleton bites you.
You die...

........#_......#.....
........#.......#....^
.(....####'#####.....
#....#.(.....##....#
.###....#.⌠...⌠.##....#
........#.......#......
........)...⌠...+
........#.......#
######@##.⌠...⌠.#
#...Z.#.......#
#.......####+####
#........ #.........
#..........
#...........


You could see a wyvern skeleton.

Vanquished Creatures
  A bullfrog skeleton (D:4)
  A hound (D:4)
  2 gnolls (D:1)
  5 adders
  A white imp (D:4)
  4 worms
  2 dart slugs (D:3)
  5 endoplasms
  3 giant cockroaches
  7 goblins
  3 hobgoblins (D:1)
  11 jackals
  3 quokkas
  7 ball pythons
  6 bats
  6 frilled lizards
  2 kobolds
  5 rats
74 creatures vanquished.

Notes
Turn   | Place    | Note
-------+----------+-------------------------------------------
     0 | D:5      | Brandom the Demonspawn Delver began the quest for the Orb.
     0 | D:5      | Reached XP level 1. HP: 18/18 MP: 1/1
     9 | D:5      | Noticed a lemure
     9 | D:5      | Noticed a lemure
    22 | D:5      | Noticed a scorpion
    43 | D:4      | Gained mutation: You have sharp fingernails. [demonic
                  | ancestry]
    43 | D:4      | Reached XP level 2. HP: 22/24 MP: 2/2
   708 | D:1      | You fall into a shaft and drop 1 floor!
   735 | D:2      | Gained mutation: When seriously injured, your bleeding
                  | wounds create armour. (AC +6) [demonic ancestry]
   735 | D:2      | Reached XP level 3. HP: 28/29 MP: 3/3
   798 | D:1      | Reached skill level 1 in Armour
  1586 | D:2      | Reached XP level 4. HP: 23/37 MP: 4/4
  1705 | D:2      | Found a snail-covered altar of Cheibriados.
  3824 | D:3      | Gained mutation: You may rarely emit foul miasma when
                  | damaged in melee. [demonic ancestry]
  3824 | D:3      | Reached XP level 5. HP: 43/43 MP: 5/5
  4332 | D:4      | Found a shimmering blue altar of Sif Muna.
  4386 | D:4      | Reached skill level 1 in Unarmed Combat
  4618 | D:4      | HP: 2/43 [wyvern skeleton (7)]
  4618 | D:4      | Slain by a wyvern skeleton

Illustrated notes

Levels and vault maps discovered:
D:1:      scummos_arrival_forest, layout_basic,
          wander_ebering_terrifying_dragon_lair
D:2:      layout_basic, basic_altar
D:3:      layout_loops_cross, minmay_misc_feat_enclosed
D:4:      layout_gridville, overflow_temple_1_default, minmay_fountain_box
D:5:      layout_basic, serial_shops, shop_statue, minmay_misc_feat_iff,
          serial_bayou_lagoon_a, uniq_sigmund, uniq_pikel, uniq_prince_ribbit1,
          uniq_grinder, uniq_menkaure

Skill      XL: |  1  2  3  4  5 |
---------------+----------------+-----
Long Blades    | 2 |  2.1
Dodging        | 2 |  2.9
Armour         | 1 2 |  2.0
Fighting       | 4 |  4.7
Unarmed Combat | 1 |  1.1
Stealth        | |  4.5

Action                   |  1- 3 |  4- 6 || total
-------------------------+-------+-------++-------
Melee: Falchion          |   131 |   185 ||   316
       Unarmed           |       |    61 ||    61
  Use: Potion            |     3 |       ||     3
Armor: Chain mail        |    89 |   275 ||   364
       Leather armour    |     5 |       ||     5
Dodge: Dodged            |    37 |    93 ||   130
       Rpst.: Falchion   |    13 |    22 ||    35

Table legend: (Time is in decaauts)
 A = Elapsed time spent in this place.
 B = Non-inter-level travel time spent in this place.
 C = Inter-level travel time spent in this place.
 D = Time resting spent in this place.
 E = Time spent auto-exploring this place.
 F = Levels seen in this place.
 G = Mean time per level.
                   A        B        C        D        E       F      G
               +--------+--------+--------+--------+--------+-----+--------+
         Total |   4682 |   4622 |     60 |    473 |   3387 |   5 |  936.4 |
       Dungeon |   4682 |   4622 |     60 |    473 |   3387 |   5 |  936.4 |
               +--------+--------+--------+--------+--------+-----+--------+

Top non-repeatable levels by time:
     D:2: 1592 daAuts
     D:1: 1353 daAuts
     D:3: 1341 daAuts
     D:4: 354 daAuts
     D:5: 40 daAuts
